cohdb
Replays
Latest Replays
All Replays
Popular Replays
Top Player Replays
Match Explorer
How It Works
Community
CoH3 Stats
Reddit
Sign in to upload your games and track your stats! →
Sign in with Steam
Match 42048336
Unlisted
Match 42048336
Overview
Messages
Build Orders
End
Royal Engineer Section
Construct Section Command Post
Infantry Section
Infantry Section
Dingo Light Scout Car
Construct Platoon Command Post
ML 3-inch Mortar Team
Selects Air and Sea Battlegroup
Selects Supply Surplus
Construct Resource Cache
Construct Resource Cache
Infantry Training
Construct Company Command Post
Unlock M3 Grant Medium Tanks
Grenade Package
M3 Grant Medium Tank
6-pounder Anti-tank Gun Team
Construct Field Infirmary
Armored Vehicle Training
Selects UNKNOWN (223837)
M3 Grant Medium Tank
Selects Commando Section Paradrop
Selects Commando Support Section Paradrop
Marshal Georgy Zhukov
Brother
0
0
Comments
sign in to comment!
No comments posted yet!